 Dungeon Crawl Stone Soup version 0.21.1-1-g345015f (webtiles) character file.

103 Figureslego113 the Cutter (level 5, -1/38 HPs)
             Began as a Human Assassin on June 21, 2018.
             Shot with a stone by a goblin (2 damage)
             ... led by Robin
             ... on level 2 of the Dungeon.
             The game lasted 00:06:09 (1995 turns).

Figureslego113 the Cutter (Human Assassin)          Turns: 1995, Time: 00:06:09

Health: -1/38      AC:  3    Str: 11    XL:     5   Next: 6%
Magic:  5/5        EV: 12    Int: 11    God:
Gold:   82         SH:  0    Dex: 16    Spells: 4/4 levels left

rFire    . . .     SeeInvis .   a - +2 dagger
rCold    . . .     Gourm    .   (no shield)
rNeg     . . .     Faith    .   c - +0 robe
rPois    .         Spirit   .   (no helmet)
rElec    .         Reflect  .   d - +0 cloak
rCorr    .         Harm     .   (no gloves)
MR       .....                  (no boots)
Stlth    +++.......             (no amulet)
HPRegen  0.12/turn              (no ring)
MPRegen  0.09/turn              (no ring)

@: lethally poisoned (-1 -> -9)
A: no striking features
a: no special abilities


You were on level 2 of the Dungeon.
You were not hungry.

You visited 1 branch of the dungeon, and saw 3 of its levels.

You collected 82 gold pieces.

Inventory:

Hand Weapons
 a - a +2 dagger (weapon)
 b - a +0 blowgun
Missiles
 e - 8 poisoned needles
 f - 2 curare-tipped needles
Armour
 c - a +0 robe (worn)
 d - a +0 cloak (worn)
Scrolls
 i - 3 scrolls of identify {unknown}
 k - a scroll of remove curse {unknown}
 m - a scroll of teleportation {unknown}
 n - a scroll of fear {unknown}
Potions
 h - 2 potions of agility
Comestibles
 g - 3 rations


   Skills:
 - Level 2.0 Fighting
 + Level 4.8 Short Blades
 - Level 2.0 Throwing
 - Level 1.0 Dodging
 - Level 4.0 Stealth


You had 4 spell levels left.
You didn't know any spells.

Dungeon Overview and Level Annotations

Branches:
Dungeon (3/15)

Altars:
Hepliaklqana


Message History

The adder barely misses you. The goblin hits you but does no damage.
The goblin shoots a stone.
The stone hits you.
* * * LOW HITPOINT WARNING * * *
You closely miss the adder.
The adder is severely wounded.
You feel sick. The adder bites you.
* * * LOW HITPOINT WARNING * * *
You are lethally poisoned!
The adder poisons you! The goblin closely misses you.
You hit the adder but do no damage.
The adder is severely wounded.
The adder bites you.
* * * LOW HITPOINT WARNING * * *
The goblin shoots a stone.
The stone hits you but does no damage.
You hit the adder but do no damage.
The adder is severely wounded.
* * * LOW HITPOINT WARNING * * *
You feel sick. The goblin hits you but does no damage. The adder misses you.
The goblin shoots a stone.
The stone hits you.
You die...

####......#......#
..#
#......######.#
..# #..g.g.# #.#
..# #....g.# #.#
####.....##### #.#
......###.g..# #.#
####.##
##.#.###.######.
.##.##
###.....g.......
.##.#
#.......@.......
.##.##
#.......S#######
.....## #...######
#####.###.###
##...## #####


You could see an adder and 2 goblins.

Vanquished Creatures
  A hound (D:2)
  Robin (D:2)
  An adder (D:2)
  A dart slug (D:1)
  2 leopard geckos
  5 bats
  3 giant cockroaches (D:1)
  6 hobgoblins
  3 jackals (D:1)
  A quokka (D:2)
  A ball python (D:1)
  2 frilled lizards (D:1)
  9 goblins
  5 kobolds
  5 rats
46 creatures vanquished.

Notes
Turn   | Place    | Note
-------+----------+-------------------------------------------
     0 | D:1      | Figureslego113 the Human Assassin began the quest for the Orb.
     0 | D:1      | Reached XP level 1. HP: 16/16 MP: 1/1
   266 | D:1      | Reached XP level 2. HP: 15/22 MP: 2/2
   638 | D:1      | Reached XP level 3. HP: 27/27 MP: 3/3
  1658 | D:2      | Reached XP level 4. HP: 19/33 MP: 4/4
  1907 | D:2      | Noticed Robin
  1940 | D:2      | Killed Robin
  1940 | D:2      | Reached XP level 5. HP: 25/38 MP: 5/5
  1982 | D:3      | Found a hazy altar of Hepliaklqana.
  1995 | D:2      | HP: 1/38 [poisoned by an adder]
  1995 | D:2      | Shot with a stone by a goblin

Skill      XL: |  1  2  3 |
---------------+----------+-----
Short Blades   | 3 4 |  4.8
Fighting       | |  2.0
Throwing       | |  2.0
Dodging        | |  1.0
Stealth        | |  4.0

Action                   |  1- 3 |  4- 6 || total
-------------------------+-------+-------++-------
Melee: Dagger            |   112 |    53 ||   165
  Use: Potion            |       |     4 ||     4
 Stab: Sleeping          |    10 |       ||    10
  Eat: Chunk             |     1 |     2 ||     3
Armor: Robe              |    18 |    21 ||    39
Dodge: Dodged            |    49 |    59 ||   108
